[Event "Late-Titled-Tuesday-Blitz-January-23-2024"]
[Site "Chess.com"]
[Date "2024.01.23"]
[Round "10"]
[White "Hirna2005"]
[Black "almaguerjm"]
[Result "0-1"]
[WhiteElo "2303"]
[BlackElo "2476"]
[TimeControl "180+1"]
[EndTime "15:50:35 PST"]
[Termination "almaguerjm won by resignation"]

1. e4 e5 2. Nf3 Nc6 3. Bc4 Nf6 4. d4 exd4 5. e5 d5 6. Bb5 Ne4 7. Nxd4 Bd7 8. Bxc6 bxc6 9. O-O Bc5 10. Be3 Bb6 11.
Nd2 f5 12. e6 Bc8 13. Nxc6 Qf6 14. Bxb6 axb6 15. Nb3 O-O 16. e7 Re8 17. Qxd5+ Be6 18. Qd4 Qh6 19. f3 Bxb3 20. axb3 Rxa1 21. Qd5+ Kh8 22. g3 Rxf1+ 23. Kxf1 Qc1+ 24. Kg2 Qd2+ 25. Qxd2 Nxd2 26. f4 Ne4 27. Kf3 Nd6 28. g4 fxg4+ 29.
Kxg4 Nc8 30. f5 Nxe7 31. Ne5 Nd5 32. f6 Rxe5 33. f7 h5+ 0-1

[Event "Late-Titled-Tuesday-Blitz-January-23-2024"]
[Site "Chess.com"]
[Date "2024.01.23"]
[Round "10"]
[White "GMRAVEN_ON_YOUTUBE"]
[Black "DrCeltic"]
[Result "1-0"]
[WhiteElo "2821"]
[BlackElo "2606"]
[TimeControl "180+1"]
[EndTime "15:50:39 PST"]
[Termination "GMRAVEN_ON_YOUTUBE won by resignation"]

1. f4 Nf6 2. Nf3 b6 3. Nc3 Bb7 4. d3 e6 5. e4 c5 6. Qe2 Be7 7. Bd2 Nc6 8. e5 Nd5 9. Nxd5 exd5 10. O-O-O O-O 11. f5 Nd4 12. Nxd4 cxd4 13. g4 Bh4 14. Bg2 Rc8 15. Kb1 Re8 16. Bf4 Qc7 17. g5 d6 18.
e6 fxe6 19. fxe6 Qe7 20. Qg4 Bf2 21. Rde1 Be3 22. Bxe3 dxe3 23. Rxe3 d4 24. Re2 Bxg2 25.
Qxg2 Rc5 26. g6 h6 27. Qf3 Re5 28. Rxe5 dxe5 29. Qf7+ Kh8 30. Rf1 Qxe6 31. Qxe6 1-0

[Event "Late-Titled-Tuesday-Blitz-January-23-2024"]
[Site "Chess.com"]
[Date "2024.01.23"]
[Round "10"]
[White "bazar-wokzal"]
[Black "cthulhuuu"]
[Result "1-0"]
[WhiteElo "2601"]
[BlackElo "2468"]
[TimeControl "180+1"]
[EndTime "15:50:39 PST"]
[Termination "bazar-wokzal won on time"]

1. e4 d6 2. f4 Nf6 3. Nc3 g6 4. Nf3 Bg7 5. e5 dxe5 6. fxe5 Nd5 7. d4 O-O 8. Bc4 e6 9. Bg5 Qd7 10. Qd2 c5 11. dxc5 Nxc3 12. Qxc3 Qc7 13. b4 a5 14. a3 axb4 15. axb4 Rxa1+ 16. Qxa1 b6 17. O-O bxc5 18. b5 Bb7 19. Bf6 Nd7 20. Ng5 h6 21.
Bxg7 Kxg7 22. Rxf7+ Kg8 23. Nxe6 Ra8 24. Qxa8+ Bxa8 25. Nxc7 Nxe5 26. Nxa8 Nxf7 27. b6 Kf8 28. Bxf7 Kxf7 29.
b7 1-0

[Event "Late-Titled-Tuesday-Blitz-January-23-2024"]
[Site "Chess.com"]
[Date "2024.01.23"]
[Round "10"]
[White "TanitoluwaAps116"]
[Black "SanchezKelvin"]
[Result "1-0"]
[WhiteElo "2715"]
[BlackElo "2573"]
[TimeControl "180+1"]
[EndTime "15:50:42 PST"]
[Termination "TanitoluwaAps116 won by checkmate"]

1. e4 e5 2. Nf3 Nc6 3. Bc4 Bc5 4. d3 d6 5. O-O Nf6 6. Re1 h6 7. c3 a5 8. Nbd2 O-O 9. h3 Be6 10. Bb5 Na7 11. Ba4 b5 12. Bc2 Bb6 13. d4 exd4 14. cxd4 c5 15. e5 Nd5 16. Ne4 dxe5 17. Nxc5 exd4 18. Nxe6 fxe6 19. Qd3 Nf6 20. Bxh6 Nc6 21. Qg6 Rf7 22. Ng5 Raa7 23. Rxe6 d3 24. Bb3 Nd4 25. Re7 Rxe7 26. Qxg7# 1-0

[Event "Late-Titled-Tuesday-Blitz-January-23-2024"]
[Site "Chess.com"]
[Date "2024.01.23"]
[Round "10"]
[White "MokshanovAlexey"]
[Black "Defenstrator"]
[Result "1-0"]
[WhiteElo "2646"]
[BlackElo "2506"]
[TimeControl "180+1"]
[EndTime "15:50:47 PST"]
[Termination "MokshanovAlexey won by resignation"]

1. e4 c6 2. d4 d5 3. e5 Bf5 4. h4 Qb6 5. g4 Bd7 6. c3 c5 7. dxc5 Qc7 8. f4 h5 9. gxh5 Nh6 10.
Be3 Ng4 11. Bd4 f6 12. Na3 fxe5 13. Nb5 Qc8 14. fxe5 Rxh5 15. Nf3 Nc6 16. Qe2 a6 17. Na3 Qc7 18. O-O-O Nh6 19. e6 Bc8 20. Ng5 Qf4+ 21. Be3 Qe5 22. Qxh5+ 1-0

[Event "Late-Titled-Tuesday-Blitz-January-23-2024"]
[Site "Chess.com"]
[Date "2024.01.23"]
[Round "10"]
[White "Yurovskykh_Oleksandr"]
[Black "Vladimir_2020"]
[Result "0-1"]
[WhiteElo "2617"]
[BlackElo "2728"]
[TimeControl "180+1"]
[EndTime "15:50:50 PST"]
[Termination "Vladimir_2020 won on time"]

1. d4 d5 2. Bf4 c5 3. e3 Nc6 4. c3 cxd4 5. cxd4 Nf6 6. Nc3 a6 7. Bd3 Bg4 8. Nge2 e6 9. Rc1 Bd6 10. Bxd6 Qxd6 11. O-O O-O 12. Na4 Nd7 13. a3 e5 14.
dxe5 Ndxe5 15. f3 Be6 16. Nd4 Nxd4 17. exd4 Nc6 18. g3 g6 19. Bb1 Bh3 20. Rf2 Rae8 21. Nc5 Re7 22. b4 Rfe8 23. Qd2 Nxd4 24. Nxb7 Qe5 0-1

[Event "Late-Titled-Tuesday-Blitz-January-23-2024"]
[Site "Chess.com"]
[Date "2024.01.23"]
[Round "10"]
[White "Balla_Tamas"]
[Black "DraningWaterHi"]
[Result "0-1"]
[WhiteElo "2429"]
[BlackElo "2223"]
[TimeControl "180+1"]
[EndTime "15:50:53 PST"]
[Termination "DraningWaterHi won by checkmate"]

1. e4 e5 2. Nf3 Nc6 3. d4 exd4 4. Nxd4 Nf6 5. Nxc6 bxc6 6. e5 Qe7 7. Qe2 Nd5 8. h4 a5 9. c4 Ba6 10. Nd2 g6 11.
Nf3 Bg7 12. Bg5 f6 13. exf6 Nxf6 14. Qxe7+ Kxe7 15. Bd3 d6 16. O-O Kd7 17. Rfe1 Rae8 18. Rad1 Ng4 19. b3 Rhf8 20. h5 h6 21. Bh4 g5 22.
Bg3 Kd8 23. Bg6 Rxe1+ 24. Rxe1 Bc8 25. Nd4 Bxd4 26. Re2 Be5 27. Be4 Bxg3 28. fxg3 Ne5 29. a3 Bg4 30. Rd2 Bxh5 31. b4 axb4 32. axb4 Nxc4 33.
Ra2 Kd7 34. Ra6 Nb6 35. Ra2 d5 36. Bd3 Bg4 37. Rc2 Kd6 38. b5 c5 39. Bg6 d4 40. Kh2 Bf5 41. Bxf5 Rxf5 42. Rd2 Rd5 43. Kh3 d3 44. Kg4 Nc4 45. Rd1 Ne3+ 46. Kh5 Nxd1 47. g4 Ne3 48. g3 d2 49. Kg6 d1=Q 50. Kh5 Qxg4+ 51. Kg6 Qe6+ 52. Kh5 g4+ 53. Kh4 Ng2# 0-1

[Event "Late-Titled-Tuesday-Blitz-January-23-2024"]
[Site "Chess.com"]
[Date "2024.01.23"]
[Round "10"]
[White "AlexOstrovskiy"]
[Black "ArtemDyachuk"]
[Result "0-1"]
[WhiteElo "2752"]
[BlackElo "2657"]
[TimeControl "180+1"]
[EndTime "15:50:55 PST"]
[Termination "ArtemDyachuk won on time"]

1. e4 c5 2. Nc3 Nc6 3. Bb5 Nd4 4. Nf3 Nxb5 5. Nxb5 a6 6. Nc3 b5 7. d4 cxd4 8. Qxd4 Bb7 9. Bg5 Rc8 10. O-O h6 11.
Bh4 Nf6 12. e5 Rc4 13. Qd3 Nh5 14. Nd5 Rxh4 15. Nxh4 e6 16. Ng6 Bxd5 17. Nxh8 Qg5 18. Qxd5 exd5 19. a4 Nf4 20. g3 Ne6 21. f4 Bc5+ 22.
Kh1 Qf5 23. Rfe1 Qh5 24. Rf1 b4 25. Rad1 Qe2 26. f5 Qe4+ 0-1

[Event "Late-Titled-Tuesday-Blitz-January-23-2024"]
[Site "Chess.com"]
[Date "2024.01.23"]
[Round "10"]
[White "TheoSlade"]
[Black "ClayK1ng"]
[Result "1-0"]
[WhiteElo "2465"]
[BlackElo "2256"]
[TimeControl "180+1"]
[EndTime "15:50:59 PST"]
[Termination "TheoSlade won by resignation"]

1. d4 Nf6 2. c4 c5 3. d5 b5 4. cxb5 a6 5. bxa6 g6 6. Nc3 Bg7 7. e4 O-O 8. a7 Rxa7 9. Nf3 e6 10. Be2 exd5 11. exd5 d6 12. O-O Re7 13. Re1 Qb6 14. Bd3 Rxe1+ 15. Qxe1 Bb7 16. Bc4 Re8 17. Qd1 Na6 18.
Bf4 Ne4 19. Qa4 Nc7 20. Re1 f5 21. Nxe4 Rxe4 22. Rxe4 fxe4 23. Ng5 Qxb2 24. Qd7 Qb1+ 25. Bf1 Ba6 26. h3 Qxf1+ 27. Kh2 h6 28. Ne6 Nxe6 29. dxe6 Bb5 30. Qf7+ Kh7 31. Bxd6 c4 32. Be5 1-0

[Event "Late-Titled-Tuesday-Blitz-January-23-2024"]
[Site "Chess.com"]
[Date "2024.01.23"]
[Round "10"]
[White "ProChessWICTH"]
[Black "CaspiIsrael"]
[Result "0-1"]
[WhiteElo "2516"]
[BlackElo "2683"]
[TimeControl "180+1"]
[EndTime "15:51:04 PST"]
[Termination "CaspiIsrael won on time"]

1. e4 d5 2. exd5 Qxd5 3. Nc3 Qd6 4. Bc4 Be6 5. Bxe6 Qxe6+ 6. Nge2 Nc6 7. O-O O-O-O 8. d3 Nf6 9. Be3 Kb8 10. h3 Qd7 11. a3 e5 12. b4 Be7 13. Rb1 Nd4 14. Ng3 h5 15. a4 h4 16. Nge4 Nh5 17. b5 f5 18. Nd2 Bc5 19. Nc4 Qe6 20. Re1 e4 21. Nd2 Qg6 22. dxe4 f4 23. Bxd4 Bxd4 24. Nd5 Nf6 25.
Nxf4 Bxf2+ 26. Kh1 Qh6 27. Qf3 Bxe1 28. Rxe1 Rxd2 29.
Ne6 Re8 30. Nc5 Qh5 31. Qf4 Rd1 32. Rxd1 Qxd1+ 33. Kh2 Qd6 0-1

[Event "Late-Titled-Tuesday-Blitz-January-23-2024"]
[Site "Chess.com"]
[Date "2024.01.23"]
[Round "10"]
[White "emeli_chess"]
[Black "PabloZarnicki"]
[Result "1-0"]
[WhiteElo "2496"]
[BlackElo "2588"]
[TimeControl "180+1"]
[EndTime "15:51:07 PST"]
[Termination "emeli_chess won by checkmate"]

1. d4 Nf6 2. c4 e6 3. Nc3 Bb4 4. Qc2 O-O 5. e4 d6 6. e5 Nfd7 7. Nf3 Nc6 8. Bf4 Nxd4 9. Nxd4 dxe5 10. Nxe6 fxe6 11. Be3 e4 12. a3 Bxc3+ 13. Qxc3 Nf6 14.
Rd1 Qe7 15. Be2 b6 16. O-O Bb7 17. c5 Bd5 18. b4 Rad8 19. h3 Qf7 20. Qe5 bxc5 21.
Bxc5 Rfe8 22. Be3 c6 23. b5 Nd7 24. Qg5 c5 25. a4 Rc8 26. Rc1 Qf6 27. Qg3 c4 28.
Rfd1 c3 29. Bd4 Qf5 30. Qxg7# 1-0

[Event "Late-Titled-Tuesday-Blitz-January-23-2024"]
[Site "Chess.com"]
[Date "2024.01.23"]
[Round "10"]
[White "sergiochess83"]
[Black "brunoo2003"]
[Result "1/2-1/2"]
[WhiteElo "2865"]
[BlackElo "2559"]
[TimeControl "180+1"]
[EndTime "15:51:12 PST"]
[Termination "Game drawn by repetition"]

1. d4 Nf6 2. c4 e6 3. g3 d5 4. Bg2 dxc4 5. Nf3 Bd7 6. Ne5 Bc6 7. Nxc6 Nxc6 8. O-O Qd7 9. e3 Rd8 10. Nd2 e5 11. Nxc4 exd4 12. Qb3 Rb8 13. Rd1 Be7 14. exd4 Nxd4 15. Qe3 c5 16. b4 O-O 17.
bxc5 Bxc5 18. Bb2 Rbd8 19. Rd2 Rfe8 20. Qg5 Qf5 21. Qxf5 Nxf5 22. Rxd8 Rxd8 23. Bxf6 gxf6 24. Bxb7 Nd6 25. Nxd6 Rxd6 26. Rc1 Bb6 27. Rc2 Ba5 28. Be4 Rd2 29. Rxd2 Bxd2 30. Kg2 h6 31. Kh3 Kf8 32. Kg4 Kg7 33. f4 Be3 34. Kf5 Bg1 35. h3 Bf2 36.
Kg4 Bg1 37. Bd5 Bb6 38. a4 Bc5 39. Bc4 Bd4 40. h4 Bf2 41. h5 Be1 42. Bd3 a5 43. Bc2 Bb4 44. Kf5 Be1 45. g4 Bd2 46. Bb3 Bc1 47.
Bc4 Bd2 48. Bb3 Bc1 49. Bc4 Bd2 50. Bb3 1/2-1/2

[Event "Late-Titled-Tuesday-Blitz-January-23-2024"]
[Site "Chess.com"]
[Date "2024.01.23"]
[Round "10"]
[White "mbojan"]
[Black "shimastream"]
[Result "0-1"]
[WhiteElo "2875"]
[BlackElo "3009"]
[TimeControl "180+1"]
[EndTime "15:51:15 PST"]
[Termination "shimastream won on time"]

1. e4 b6 2. d4 Bb7 3. Bd3 e6 4. Nf3 c5 5. c3 Nf6 6. Nbd2 d5 7. e5 Nfd7 8. Qe2 Nc6 9. a3 Be7 10. O-O g5 11. b4 g4 12. Ne1 h5 13. b5 Na5 14. f4 Qc7 15. Bb2 O-O-O 16. f5 Bg5 17. Rd1 Kb8 18. a4 Ka8 19. Nc2 c4 20. Nb4 cxd3 21. Qxd3 Nc4 22. Bc1 Ndxe5 23. dxe5 Nxe5 24. Qd4 g3 25. h3 Ng4 26. Nf3 Bf6 27. Qd3 Qc5+ 28.
Nd4 Nf2 29. Qe3 Nxd1 30. Rxd1 e5 31. Ndc6 Qc4 32. Nxd8 Rxd8 33. Nd3 e4 34. Ne1 h4 35. Qf4 Qxc3 36. Be3 d4 37. Rc1 Qxe3+ 0-1

[Event "Late-Titled-Tuesday-Blitz-January-23-2024"]
[Site "Chess.com"]
[Date "2024.01.23"]
[Round "10"]
[White "Nf3c5"]
[Black "PawnEatingZombie"]
[Result "1-0"]
[WhiteElo "2506"]
[BlackElo "2117"]
[TimeControl "180+1"]
[EndTime "15:51:19 PST"]
[Termination "Nf3c5 won by resignation"]

1. d4 Nf6 2. Nf3 g6 3. Bg5 Bg7 4. Nbd2 O-O 5. c3 d6 6. e4 c5 7. dxc5 dxc5 8. Bc4 Nc6 9. O-O Qc7 10.
Qe2 b6 11. e5 Nh5 12. Rae1 h6 13. Bh4 Nf4 14. Qe3 g5 15. Bg3 Ne6 16. h4 g4 17. Nh2 h5 18. Bd3 Rd8 19. Bb1 Ba6 20. Ne4 Bxf1 21. Nxf1 Qd7 22. Ng5 Nxg5 23. Qxg5 Qe6 24.
Qxh5 Rd5 25. Bf5 Qh6 26. Qxg4 Nxe5 27. Bxe5 f6 28. Bf4 1-0

[Event "Late-Titled-Tuesday-Blitz-January-23-2024"]
[Site "Chess.com"]
[Date "2024.01.23"]
[Round "10"]
[White "Qvalda"]
[Black "Grandmaster2B"]
[Result "0-1"]
[WhiteElo "2439"]
[BlackElo "2776"]
[TimeControl "180+1"]
[EndTime "15:51:22 PST"]
[Termination "Grandmaster2B won by checkmate"]

1. Nf3 c6 2. g3 d5 3. Bg2 Nf6 4. O-O Bg4 5. c4 e6 6. Qb3 Qb6 7. d4 Nbd7 8. cxd5 exd5 9. Nc3 Bd6 10. h3 Bh5 11. Bf4 Bxf4 12. gxf4 O-O 13. e3 Ne8 14.
Ne5 Ndf6 15. Na4 Qc7 16. Nc5 Nd6 17. Kh1 Bg6 18. Bf3 Be4 19. Nxe4 Nfxe4 20. Qc2 f6 21.
Nd3 Qd7 22. Kh2 b6 23. Rg1 Rac8 24. Bg4 Nf5 25. Rg2 g6 26. Rag1 Kh8 27. b4 Ned6 28. Qe2 Qf7 29. Qf3 Nh4 30. Qg3 Nxg2 31. Rxg2 Rc7 32.
h4 Ne4 33. Qh3 Qe7 34. f5 c5 35. bxc5 bxc5 36. fxg6 hxg6 37. h5 g5 38. Qf3 c4 39.
Ne1 c3 40. Nc2 Rb7 41. Qf5 Rb2 42. Bd1 Rxa2 43. f3 Nd2 44. Qxd5 Rxc2 45. Bxc2 Nf1+ 46. Kg1 Nxe3 47. Qb3 Nxg2 48. Kxg2 Qe2+ 49. Kg3 Qe1+ 50. Kg4 f5+ 51. Kxg5 Qg3+ 52. Kh6 Qg7# 0-1

[Event "Late-Titled-Tuesday-Blitz-January-23-2024"]
[Site "Chess.com"]
[Date "2024.01.23"]
[Round "10"]
[White "SEBAZZANO"]
[Black "sansanathalia"]
[Result "0-1"]
[WhiteElo "2219"]
[BlackElo "2392"]
[TimeControl "180+1"]
[EndTime "15:51:22 PST"]
[Termination "sansanathalia won by checkmate"]

1. d4 Nf6 2. Bf4 e6 3. e3 c5 4. c3 cxd4 5. exd4 d6 6. Nd2 Be7 7. Ngf3 O-O 8. Bd3 a6 9. h3 b5 10. O-O Bb7 11. Re1 Nbd7 12. Bh2 Nb6 13. Ng5 h6 14.
Nge4 Qc7 15. Nxf6+ Bxf6 16. Ne4 Bxe4 17. Bxe4 Rad8 18. Qh5 Na4 19. Rab1 b4 20. cxb4 Bxd4 21. b3 Nc3 22. Rbc1 Bxf2+ 23. Kxf2 Nxe4+ 24. Ke3 Qb7 25. Qf3 d5 26. a3 Rc8 27. Be5 Rxc1 28. Rxc1 Rc8 29.
Qg4 g6 30. Rxc8+ Qxc8 31. Qf4 Qc1+ 32. Kd4 Qc3# 0-1

[Event "Late-Titled-Tuesday-Blitz-January-23-2024"]
[Site "Chess.com"]
[Date "2024.01.23"]
[Round "10"]
[White "FredddieCroderg"]
[Black "only_strong_moves"]
[Result "0-1"]
[WhiteElo "2387"]
[BlackElo "2536"]
[TimeControl "180+1"]
[EndTime "15:51:24 PST"]
[Termination "only_strong_moves won by resignation"]

1. d4 Nf6 2. c4 e6 3. Nf3 Bb4+ 4. Nbd2 d5 5. cxd5 exd5 6. a3 Be7 7. Qc2 O-O 8. e3 b6 9. Bd3 Ba6 10. O-O Bxd3 11.
Qxd3 c5 12. dxc5 bxc5 13. b4 c4 14. Qc2 Nbd7 15. Bb2 Rc8 16. Bd4 Qc7 17. Nb1 Ne4 18.
Nc3 Ndf6 19. Rfd1 Rcd8 20. b5 Nxc3 21. Bxc3 Ne4 22. Bd4 Qb7 23. a4 f5 24. Ne5 f4 25. Nc6 Rde8 26. exf4 Rxf4 27. Nxa7 Bc5 28. Bxc5 Nxc5 29. Nc6 Nd3 30. Rxd3 cxd3 31. Qxd3 Rxa4 32.
Qxd5+ Kh8 33. Rd1 h6 34. h3 Rae4 35. Qh5 Qc7 36. g3 Qb6 37. Qf5 Re2 38. Rd7 Rb2 39.
Qg6 Qxf2+ 0-1

[Event "Late-Titled-Tuesday-Blitz-January-23-2024"]
[Site "Chess.com"]
[Date "2024.01.23"]
[Round "10"]
[White "Kaslask"]
[Black "shirovin"]
[Result "1-0"]
[WhiteElo "2311"]
[BlackElo "2027"]
[TimeControl "180+1"]
[EndTime "15:51:24 PST"]
[Termination "Kaslask won by resignation"]

1. c4 e5 2. Nc3 Bb4 3. g3 Bxc3 4. bxc3 d6 5. Bg2 f5 6. d3 Nf6 7. Nh3 O-O 8. O-O Qe8 9. Rb1 Nc6 10. f4 e4 11. Nf2 Rb8 12. d4 Na5 13. d5 Nxc4 14. Qd4 Nb6 15. c4 Bd7 16. Nd1 a6 17. Ne3 h5 18.
Bb2 Qf7 19. Bh3 Ng4 20. Nxg4 hxg4 21. Bg2 Rfe8 22. e3 Re7 23. Rfc1 Qe8 24. Kf2 Na4 25.
Ba1 Nc5 26. Rh1 b5 27. h3 gxh3 28. Rxh3 bxc4 29. Rbh1 Nd3+ 30. Ke2 Qg6 31. Rh8+ Kf7 32. Rxb8 Qg4+ 33. Kd2 Qxg3 34. Qxg7+ Qxg7 35. Bxg7 Kxg7 36. Rhh8 Ba4 37. Rbg8+ Kf7 38. Rf8+ Kg7 39. Rhg8+ Kh7 40.
Bh3 Rg7 41. Bxf5+ Kh6 42. Rh8+ 1-0

[Event "Late-Titled-Tuesday-Blitz-January-23-2024"]
[Site "Chess.com"]
[Date "2024.01.23"]
[Round "10"]
[White "ChessFighter_2011"]
[Black "The_Machine04"]
[Result "1-0"]
[WhiteElo "2939"]
[BlackElo "2719"]
[TimeControl "180+1"]
[EndTime "15:51:27 PST"]
[Termination "ChessFighter_2011 won on time"]

1. e4 d6 2. d4 Nf6 3. Nc3 e5 4. Nf3 Nbd7 5. Bc4 Be7 6. O-O c6 7. a4 h6 8. dxe5 dxe5 9. a5 Qc7 10. Qe2 Nf8 11. Rd1 Ng6 12. h3 O-O 13. Be3 Nh5 14. Qf1 Nhf4 15. Kh2 Kh8 16. Ng1 f5 17. g3 fxe4 18.
Nxe4 Nd5 19. Qe2 Bf5 20. Bd3 Nxe3 21. Qxe3 Bb4 22. a6 b6 23. Nf3 Rae8 24. c3 Be7 25. Kg2 Qc8 26. Ng1 Rf7 27. Re1 Ref8 28. Re2 c5 29.
Bc4 Be6 30. Bxe6 Qxe6 31. Qd3 c4 32. Qc2 Qc6 33. Kh2 Rf5 34. Rf1 b5 35. Ra1 Bc5 36. Qd2 Qb6 37. Rf1 Be7 38. Qd7 Qxa6 39. Rd2 R5f7 40. Qg4 Qc6 41. h4 Kh7 42. Nh3 Rf5 43. h5 1-0

[Event "Late-Titled-Tuesday-Blitz-January-23-2024"]
[Site "Chess.com"]
[Date "2024.01.23"]
[Round "10"]
[White "TV27"]
[Black "IsaqueGoncalvesSanto"]
[Result "1-0"]
[WhiteElo "2174"]
[BlackElo "1797"]
[TimeControl "180+1"]
[EndTime "15:51:28 PST"]
[Termination "TV27 won by resignation"]

1. e4 e6 2. d4 d5 3. Nc3 Bb4 4. e5 Qd7 5. a3 Bxc3+ 6. bxc3 b6 7. Qg4 f5 8. Qh5+ Qf7 9. Qxf7+ Kxf7 10. c4 Bb7 11. Nf3 h6 12. Bb2 g5 13. O-O-O Ne7 14. h4 g4 15. Nd2 Nbc6 16. Nb3 a5 17. a4 Nb4 18. c5 bxc5 19. Nxc5 Bc6 20. Bc3 Rhb8 21.
Kd2 Na2 22. Ra1 Nxc3 23. Kxc3 Rb4 24. Bd3 Rab8 25. Na6 R8b7 26. Nxb4 axb4+ 27. Kb3 Bd7 28. Rhd1 Nc6 29. Bb5 Na5+ 30. Kxb4 Nc4 31. Kc5 c6 32. Bxc4 dxc4 33. Rdb1 1-0

[Event "Late-Titled-Tuesday-Blitz-January-23-2024"]
[Site "Chess.com"]
[Date "2024.01.23"]
[Round "10"]
[White "UnTucopalaTimba"]
[Black "McCarthyStone"]
[Result "0-1"]
[WhiteElo "1924"]
[BlackElo "2338"]
[TimeControl "180+1"]
[EndTime "15:51:29 PST"]
[Termination "McCarthyStone won by resignation"]

1. e4 e5 2. Nf3 d6 3. d4 exd4 4. Nxd4 Nf6 5. Nc3 Be7 6. Bc4 O-O 7. O-O a6 8. a4 b6 9. Re1 Bb7 10. Nf5 Nbd7 11. Bg5 h6 12. Bxh6 gxh6 13. Qf3 Kh7 14. Qf4 Ng8 15. Nd5 Bg5 16. Qf3 Ne5 17. Qh3 Nxc4 18.
f4 Bxd5 19. fxg5 Be6 20. gxh6 Ne5 21. Rf1 Qg5 22. Ra3 Qg4 23. Qe3 Rae8 24. h3 Qg6 25.
Qf4 Nxh6 26. Rg3 Bxf5 27. exf5 Qf6 28. c3 Rg8 29. Rxg8 Rxg8 30. Kh1 Qg5 31. Qf2 Qg3 32. Qxg3 Rxg3 0-1

[Event "Late-Titled-Tuesday-Blitz-January-23-2024"]
[Site "Chess.com"]
[Date "2024.01.23"]
[Round "10"]
[White "Inepton_Fermion"]
[Black "jamengrand"]
[Result "0-1"]
[WhiteElo "2418"]
[BlackElo "2279"]
[TimeControl "180+1"]
[EndTime "15:51:31 PST"]
[Termination "jamengrand won by resignation"]

1. e4 e5 2. Nf3 Nc6 3. Bc4 Nf6 4. O-O Nxe4 5. Re1 d5 6. Bb5 Bc5 7. d4 exd4 8. Nxd4 O-O 9. Bxc6 bxc6 10. Be3 Qf6 11.
Nc3 Re8 12. Qd3 Rb8 13. f3 Nxc3 14. bxc3 Bd7 15. Nb3 Bd6 16. Bxa7 Bxh2+ 17. Kxh2 Qh4+ 18. Kg1 Rxe1+ 19. Rxe1 Qxe1+ 20. Kh2 Re8 21. Nd2 Re6 22. g3 Re2+ 0-1

[Event "Late-Titled-Tuesday-Blitz-January-23-2024"]
[Site "Chess.com"]
[Date "2024.01.23"]
[Round "10"]
[White "StellarChess"]
[Black "Boninknights"]
[Result "1/2-1/2"]
[WhiteElo "2486"]
[BlackElo "2384"]
[TimeControl "180+1"]
[EndTime "15:51:34 PST"]
[Termination "Game drawn by agreement"]

1. d4 Nf6 2. Bg5 Ne4 3. Bf4 c5 4. f3 Qa5+ 5. c3 Nf6 6. Nd2 cxd4 7. Nb3 Qb6 8. Qxd4 Nc6 9. Qxb6 axb6 10. Nd4 Nxd4 11.
cxd4 Nd5 12. Bd2 e6 13. a3 f5 14. e4 fxe4 15. fxe4 Nf6 16. Bd3 d5 17. e5 Ne4 18.
Be3 Bd7 19. Nf3 Bb4+ 20. Ke2 Be7 21. Rhf1 O-O 22. Nd2 Nxd2 23. Kxd2 Rxf1 24. Rxf1 Rc8 25. Rc1 Rxc1 26. Kxc1 h6 27. Kd2 Kf8 28. Kc3 Ke8 29. Kb3 Kd8 30. Bd2 Kc7 31. g3 Be8 32. h4 Bh5 33.
Bb4 Bd1+ 34. Kc3 Bxb4+ 35. Kxb4 g5 36. hxg5 hxg5 37. Bh7 Bg4 38. a4 Bh3 39. Bd3 Bg4 40. a5 Bh3 41. Kb5 bxa5 42. Kxa5 Bg4 43. Kb5 Bh3 44. b4 Bg4 45. Ka5 Bh3 46. b5 b6+ 47. Kb4 Bg4 48. Bc2 Bh3 49. Ba4 Bg4 50. Kc3 Bh3 51. Kd2 Bf5 52. Ke3 Kd7 53. Bd1 Ke7 54. Be2 Kf7 55. Bf3 1/2-1/2

[Event "Late-Titled-Tuesday-Blitz-January-23-2024"]
[Site "Chess.com"]
[Date "2024.01.23"]
[Round "10"]
[White "Polish_fighter3000"]
[Black "FabianoCaruana"]
[Result "1-0"]
[WhiteElo "3109"]
[BlackElo "3048"]
[TimeControl "180+1"]
[EndTime "15:51:38 PST"]
[Termination "Polish_fighter3000 won by resignation"]

1. e4 c5 2. Nf3 Nc6 3. Bb5 d6 4. O-O Bd7 5. Re1 a6 6. Bf1 Bg4 7. h3 Bxf3 8. Qxf3 e6 9. c3 Nf6 10. d3 Be7 11. Qg3 O-O 12. Bh6 Ne8 13. Be3 Nf6 14. Nd2 d5 15. Bh6 Ne8 16. Nf3 Kh8 17. Bd2 Nf6 18. e5 Nd7 19. h4 b5 20.
d4 c4 21. Qg4 b4 22. Ng5 Rb8 23.
Nxf7+ Rxf7 24. Qxe6 Ncxe5 25. dxe5 Qf8 26. Be3 Bxh4 27.
Qxd5 Nb6 28. Qd4 Be7 29. Rad1 bxc3 30. bxc3 Na4 31. Bxc4 Rf5 32. Be6 Bc5 33. Qxa4 1-0

[Event "Late-Titled-Tuesday-Blitz-January-23-2024"]
[Site "Chess.com"]
[Date "2024.01.23"]
[Round "10"]
[White "rasmussvane"]
[Black "Durarbayli"]
[Result "1/2-1/2"]
[WhiteElo "2971"]
[BlackElo "2864"]
[TimeControl "180+1"]
[EndTime "15:51:39 PST"]
[Termination "Game drawn by agreement"]

1. Nf3 c5 2. c4 b6 3. g3 Bb7 4. Bg2 Nf6 5. O-O e6 6. Nc3 Be7 7. d4 cxd4 8. Qxd4 d6 9. Bg5 a6 10. Bxf6 Bxf6 11. Qf4 Bxc3 12. bxc3 Bxf3 13. Bxf3 Ra7 14.
Rfd1 Rd7 15. Rab1 O-O 16. Qd4 b5 17. cxb5 axb5 18. Rxb5 d5 19. Rdb1 Nc6 20. Qf4 Qa8 21.
a4 h6 22. c4 Qxa4 23. cxd5 Qxf4 24. gxf4 Nd4 25. dxe6 Nxf3+ 26. exf3 fxe6 27. Rb8 Rxb8 28. Rxb8+ Kf7 29. Kg2 Rd5 30. Rb4 Kf6 31. Re4 Ra5 32.
Rc4 Rb5 33. Ra4 Rc5 34. Re4 Ra5 35. Kg3 Rb5 36. h3 Ra5 37. Re1 Rb5 38. Kg4 Ra5 39.
Kg3 Rb5 40. Kg2 Ra5 41. Re2 Rb5 42. Re4 Ra5 43. Kf1 Ra1+ 44. Kg2 Ra5 45. Rb4 1/2-1/2

[Event "Late-Titled-Tuesday-Blitz-January-23-2024"]
[Site "Chess.com"]
[Date "2024.01.23"]
[Round "10"]
[White "K_A_S_T_O_R"]
[Black "KNVB"]
[Result "1-0"]
[WhiteElo "2906"]
[BlackElo "2782"]
[TimeControl "180+1"]
[EndTime "15:51:40 PST"]
[Termination "K_A_S_T_O_R won on time"]

1. e4 b6 2. d4 Bb7 3. Bd3 e6 4.
Nf3 d5 5. Nbd2 Nf6 6. Qe2 Nxe4 7. Nxe4 dxe4 8. Bxe4 Bxe4 9. Qxe4 Qd5 10. Qe2 Bd6 11.
c4 Qf5 12. O-O O-O 13. b3 Nd7 14. Bb2 Rfe8 15. Rad1 e5 16. dxe5 Nxe5 17. Nd4 Qg6 18. Rfe1 f6 19. Qe4 Qxe4 20. Rxe4 Nd3 21. Rxe8+ Rxe8 22. Bc3 Bb4 23. Bxb4 Nxb4 24. a3 Nd3 25. Kf1 Nc5 26.
b4 Ne4 27. Nb5 c6 28. Nxa7 Ra8 29. Rd7 Nd2+ 30. Rxd2 Rxa7 31. Rd3 Kf7 32. Ke2 Ke6 33. Kd2 h5 34. h3 g5 35. g3 Rh7 36. Kc3 h4 37. g4 Ke5 38. Rf3 Rd7 39. Rf5+ Ke6 40.
f4 gxf4 41. Rxf4 Rd1 42. Rf3 Rg1 43. Kd4 1-0

[Event "Late-Titled-Tuesday-Blitz-January-23-2024"]
[Site "Chess.com"]
[Date "2024.01.23"]
[Round "10"]
[White "IlanSchnaider"]
[Black "HajiyevKanan"]
[Result "1-0"]
[WhiteElo "2763"]
[BlackElo "2585"]
[TimeControl "180+1"]
[EndTime "15:51:40 PST"]
[Termination "IlanSchnaider won by resignation"]

1. e4 c6 2. Nc3 d5 3. Nf3 a6 4. h3 h6 5. d4 dxe4 6. Nxe4 Bf5 7. Ng3 Bh7 8. Bd3 Bxd3 9. Qxd3 Nf6 10. O-O Nbd7 11. Re1 e6 12. Bf4 Be7 13. c3 O-O 14. Rad1 a5 15. Ne5 Nxe5 16. Bxe5 a4 17. Qf3 Qd5 18. Qf4 Qxa2 19. Bxf6 Bxf6 20. Nh5 Bg5 21. Qg3 g6 22. h4 Be7 23. d5 cxd5 24. Rxe6 Kh7 25. Rxe7 gxh5 26. Qd3+ Kg8 27. Qf5 Qxb2 28. Rd3 Qb1+ 29. Kh2 Qxd3 30. Qxd3 a3 31. Re1 a2 32.
Ra1 Ra3 33. Qg3+ Kh7 34. Qd6 Rfa8 35. Qxd5 R8a7 36. Qxf7+ Kh8 37. Re1 Ra8 38. Re8+ Rxe8 39. Qxe8+ 1-0